 Dungeon Crawl Stone Soup version 0.14-a0-2091-gca92d1a (webtiles) character file.

466 Mitsuki the Skirmisher (level 6, -9/48 HPs)
             Began as a Demonspawn Fighter on Jan 26, 2014.
             Mangled by an ogre
             ... wielding a cursed -2,-2 giant club
              (18 damage)
             ... on Level 4 of the Dungeon.
             The game lasted 00:08:07 (2420 turns).

Mitsuki the Skirmisher (Demonspawn Fighter)         Turns: 2420, Time: 00:08:07

HP  -9/48        AC 13     Str 18      XL: 6   Next: 30%
MP   6/6         EV  7     Int 13      God:
Gold 125         SH 20     Dex 17      Spells:  0 memorised,  5 levels left

rFire  . . .     SeeInvis .     p - +2,+0 long sword (pain)
rCold  + . .     Clarity  .     y - +0 orc plate armour
rNeg   . . .     Conserve .     c - +0 shield
rPois  .         rCorr    .     (helmet restricted)
rElec  .         rRot     .     (no cloak)
SustAb . .       Spirit   .     (no gloves)
rMut   .         Warding  .     s - +0 pair of elf boots
Saprov . . .     Stasis   .     (no amulet)
MR     .....                    (no ring)
                                f - +3 ring of intelligence

@: agile, not resistant to hostile enchantments, extremely unstealthy
A: horns 2, molten scales 1, cold resistance 1, powered by pain 1
a: no special abilities


You were on level 4 of the Dungeon.
You were not hungry.

You visited 1 branch of the dungeon, and saw 4 of its levels.

You collected 125 gold pieces.

Inventory:

Hand weapons
 p - a +2,+0 long sword of pain (weapon)
Armour
 c - a +0 shield (worn)
 s - a +0 pair of elven boots (worn)
 y - a +0 orcish plate armour (worn)
Comestibles
 d - 3 bread rations
Scrolls
 e - a scroll of teleportation {unknown}
 g - 2 scrolls of random uselessness {unknown}
 h - 3 scrolls of immolation {unknown}
 j - 3 scrolls of remove curse {unknown}
 m - 2 scrolls of magic mapping {unknown}
 n - a scroll of enchant weapon I {unknown}
 q - a scroll of recharging {unknown}
 t - a scroll of blinking {unknown}
 v - a scroll of noise {unknown}
 w - a scroll of fear {unknown}
 x - a scroll of identify {unknown}
Jewellery
 f - a +3 ring of intelligence (left hand)
 u - an uncursed ring of poison resistance {unknown}
Potions
 a - a potion of might {unknown}
 i - a potion of porridge
 k - a potion of curing
 l - a potion of berserk rage {unknown}
 o - a potion of flight
 r - a potion of speed


   Skills:
 + Level 4.2 Fighting
 + Level 3.3 Long Blades
 + Level 3.8 Armour
 + Level 4.2 Shields


You had 5 spell levels left.
You didn't know any spells.

Dungeon Overview and Level Annotations

Branches:
Dungeon (4/16)
 Temple: D:4-7

Altars:
Cheibriados
Nemelex Xobeh
Sif Muna
Trog


Innate Abilities, Weirdness & Mutations

You have a pair of horns on your head.
You are partially covered in molten scales (AC +1).
Your flesh is cold resistant.
You sometimes gain a little power by taking damage.


Message History

The ogre barely misses you.
You hit the ogre. Your headbutt misses the ogre.
The ogre is lightly wounded.
You block the ogre's attack.
Your plate armour prevents you from hitting the ogre.
You headbutt the ogre!
The ogre is heavily wounded.
You block the ogre's attack.
You closely miss the ogre.
The ogre is heavily wounded.
The ogre hits you with a giant club!
* * * LOW HITPOINT WARNING * * *
You focus on the pain.
You feel agile all of a sudden.
You are too injured to fight recklessly!
Your shield and plate armour prevent you from hitting the ogre.
Your headbutt misses the ogre.
The ogre is heavily wounded.
The ogre hits you with a giant club!
You die...

##.........## #.#
##########.###
#)..._....# #.#
#..........#
##).)....## #.#
#.#######..#
###..)### #.#
..#..### #### #.#
#.#..... #.#
#.#.#### #.#
#.....#.
#O#.#########.#.#.
#@#...........#.#.
#.#############.#.
#.....# #.#.
#####.# #.#. #.#
#.#.
#.#########.##
#...........#
#.#########.# ###
###


You could see an ogre.

Vanquished Creatures
  The ghost of LupusAter the Ruinous, an average DECj (D:3)
  An orc wizard (D:3)
  A giant frog skeleton (D:4)
  A worker ant (D:3)
  Ijyb (D:4)
  An ogre skeleton (D:4)
  3 gnolls (D:4)
  4 adders
  2 worms
  An adder zombie (D:4)
  A giant eyeball (D:3)
  A giant gecko (D:1)
  2 oozes
  3 orcs (D:3)
  2 ball pythons (D:1)
  10 bats
  10 goblins
  4 hobgoblins
  8 jackals
  6 kobolds
  4 quokkas
  3 giant cockroaches
  9 giant newts
  A kobold skeleton (D:4)
  7 rats
87 creatures vanquished.

Notes
Turn   | Place    | Note
--------------------------------------------------------------
     0 | D:1      | Mitsuki, the Demonspawn Fighter, began the quest for the Orb.
     0 | D:1      | Reached XP level 1. HP: 18/18 MP: 1/1
   174 | D:1      | Gained mutation: You are partially covered in molten scales (AC +1). [demonic ancestry]
   174 | D:1      | Reached XP level 2. HP: 24/24 MP: 2/2
   536 | D:2      | Gained mutation: Your flesh is cold resistant. [demonic ancestry]
   536 | D:2      | Reached XP level 3. HP: 29/29 MP: 3/3
   637 | D:2      | Found a snail-covered altar of Cheibriados.
   874 | D:2      | Gained mutation: You have a pair of small horns on your head. [demonic ancestry]
   874 | D:2      | Reached XP level 4. HP: 27/37 MP: 4/4
  1065 | D:3      | Noticed LupusAter's ghost (average DECj)
  1074 | D:3      | Killed LupusAter's ghost
  1074 | D:3      | Gained mutation: You sometimes gain a little power by taking damage. [demonic ancestry]
  1074 | D:3      | Reached XP level 5. HP: 21/42 MP: 5/5
  1377 | D:3      | Reached skill level 4 in Fighting
  1453 | D:3      | Paralysed by a giant eyeball for 4 turns
  2053 | D:4      | Gained mutation: You have a pair of horns on your head. [demonic ancestry]
  2053 | D:4      | Reached XP level 6. HP: 34/48 MP: 6/6
  2070 | D:4      | Noticed Ijyb
  2079 | D:4      | Killed Ijyb
  2121 | D:4      | Noticed a moth of wrath
  2125 | D:4      | Found a bloodstained altar of Trog.
  2183 | D:4      | Found a deep blue altar of Sif Muna.
  2183 | D:4      | Found a sparkling altar of Nemelex Xobeh.
  2403 | D:4      | Noticed an ogre
  2420 | D:4      | Mangled by an ogre

Action                   |  1- 3 |  4- 6 || total
-------------------------+-------+-------++-------
Melee: Falchion          |   138 |     7 ||   145
       Long sword        |       |   162 ||   162
  Use: Potion            |     7 |       ||     7
